[Event "Late-Titled-Tuesday-Blitz-July-09-2024"]
[Site "Chess.com"]
[Date "2024.07.09"]
[Round "9"]
[White "protectiago"]
[Black "EternalNight8"]
[Result "0-1"]
[WhiteElo "2173"]
[BlackElo "2375"]
[TimeControl "180+1"]
[EndTime "15:44:30 PDT"]
[Termination "EternalNight8 won by resignation"]

1. d4 Nf6 2. c4 g6 3. Nc3 d5 4. cxd5 Nxd5 5. e4 Nxc3 6. bxc3 Bg7 7. Be3 c5 8. Rc1 Qa5 9. Qd2 O-O 10. d5 e6 11. c4 Qxd2+ 12. Kxd2 b6 13. Bd3 Nd7 14. Nf3 Re8 15. Rhe1 Bb7 16. a4 Rad8 17. Kc2 h6 18.
h4 f5 19. dxe6 fxe4 20. exd7 Rxd7 21. Be2 exf3 22. Bxf3 Bxf3 23. gxf3 Rde7 24. Rg1 Kh7 25. Rcd1 Rf7 26. Rd6 Rf6 27. Rd7 Rxf3 28. Rxa7 Rh3 29.
Rd1 Rxh4 30. Rdd7 Rg8 31. Kb3 Re4 32. a5 bxa5 33. Bxc5 Kh8 34. Bb6 a4+ 35. Rxa4 h5 36. Raa7 h4 37. Be3 h3 38. Bh6 h2 39. Bxg7+ Rxg7 40. Rxg7 h1=Q 41. Rgd7 Qb1+ 42. Ka4 Qa2+ 43. Kb5 Qxc4+ 44.
Kb6 Re6+ 45. Kb7 Qc6+ 46. Kb8 Re8+ 0-1

[Event "Late-Titled-Tuesday-Blitz-July-09-2024"]
[Site "Chess.com"]
[Date "2024.07.09"]
[Round "9"]
[White "Seochesspie"]
[Black "Sek_Konstantin"]
[Result "1-0"]
[WhiteElo "2945"]
[BlackElo "2746"]
[TimeControl "180+1"]
[EndTime "15:44:34 PDT"]
[Termination "Seochesspie won on time"]

1. e4 e5 2. Nf3 Nc6 3. Bb5 a6 4. Ba4 d6 5. O-O Bg4 6. Bxc6+ bxc6 7. h3 Bd7 8. d4 exd4 9. Nxd4 Nf6 10. Nc3 Be7 11.
Qf3 O-O 12. Nf5 Bxf5 13. Qxf5 Nd7 14. b3 Bf6 15. Bb2 Nc5 16. Nd1 Bxb2 17. Nxb2 Re8 18.
Rfe1 Re5 19. Qf4 Qe7 20. f3 Ne6 21. Qd2 Qh4 22. Nd3 Rg5 23. f4 Rg3 24. Kh2 Nd4 25. Rf1 Rg6 26. c3 Nb5 27. Rf3 Re6 28. a4 Na7 29. e5 f5 30. Re1 Rae8 31. b4 Nc8 32.
Rfe3 Qd8 33. Qf2 Nb6 34. exd6 Rxe3 35. Rxe3 Rxe3 36. Qxe3 cxd6 37. Qe6+ Kh8 38. a5 Nd5 39. c4 Ne7 40. b5 axb5 41. cxb5 cxb5 42. a6 Ng8 43. a7 Nf6 44. Nb4 Qa8 45. Qe7 h6 46.
Qc7 Kh7 47. Nc6 Nd5 48. Qb8 1-0

[Event "Late-Titled-Tuesday-Blitz-July-09-2024"]
[Site "Chess.com"]
[Date "2024.07.09"]
[Round "9"]
[White "TheAlienParty"]
[Black "Kyrko_Gamba"]
[Result "1-0"]
[WhiteElo "2333"]
[BlackElo "2494"]
[TimeControl "180+1"]
[EndTime "15:44:35 PDT"]
[Termination "TheAlienParty won on time"]

1. c4 e5 2. Nc3 d6 3. g3 f5 4.
Bg2 Nf6 5. e3 c6 6. Nge2 Be6 7.
b3 Be7 8. O-O Nbd7 9. f4 O-O 10.
d3 a5 11. h3 Qe8 12. Bb2 Qg6 13.
Qe1 Qh6 14. Qf2 Rf7 15. a3 Raf8 16. b4 g5 17. bxa5 Nc5 18. Rad1 g4 19. h4 e4 20.
dxe4 fxe4 21. Nd4 Bxc4 22. Nf5 Qh5 23. Nxe7+ Rxe7 24. Rxd6 Bxf1 25. Qxf1 Nd3 26. Ba1 Qc5 27. Nxe4 Nxe4 28. Qxd3 Qxd6 29. Qb3+ Qd5 30. Qb2 Rf6 31. Kh2 Qf7 32. Qd4 Qd5 33. Qb2 Ree6 34. Qxb7 Qd8 35. a6 Rf7 36. Qb2 Nf6 37. a4 Ra7 38. e4 Kf7 39. e5 Nd5 40. f5 Re8 41. e6+ Ke7 42.
Qg7+ Kd6 43. Be5+ Kc5 44. Qxa7+ Kb4 45. Qd4+ Ka5 46. a7 Qa8 47. Bd6 Ka6 48. Bf1+ Kb7 49. Qb2+ Kxa7 50. Bc5+ 1-0

[Event "Late-Titled-Tuesday-Blitz-July-09-2024"]
[Site "Chess.com"]
[Date "2024.07.09"]
[Round "9"]
[White "praveenb2002"]
[Black "Jospem"]
[Result "0-1"]
[WhiteElo "2849"]
[BlackElo "3098"]
[TimeControl "180+1"]
[EndTime "15:44:36 PDT"]
[Termination "Jospem won on time"]

1. e4 c5 2. Nf3 d6 3. d4 cxd4 4. Qxd4 a6 5. c4 Nc6 6. Qd2 Bg4 7. Be2 Bxf3 8. Bxf3 g6 9. O-O Bg7 10. Nc3 Nf6 11.
b3 O-O 12. Bb2 Nd7 13. Rfd1 Qa5 14. Rac1 Rac8 15. Be2 Rfe8 16. f4 Nc5 17. Kh1 Nb4 18. Ra1 Qb6 19. h3 e6 20. Rab1 Red8 21. Qe3 Qc7 22.
Rd2 Nc6 23. Rbd1 b6 24. Bf3 Bh6 25. Ne2 e5 26. Qc3 Ne6 27. Bg4 Rb8 28. Bxe6 fxe6 29. Rd3 Bg7 30. Rf1 Qe7 31. Qd2 b5 32. cxb5 axb5 33. Rdf3 Rf8 34. Rd1 Rbd8 35. Qc3 Nd4 36. Nxd4 exd4 37. Qd3 e5 38. Qxb5 Kh8 39. Qd3 Qb7 40.
Rdf1 Rfe8 41. f5 gxf5 42. Rxf5 d5 43. Rf7 Rd7 44. Rxd7 Qxd7 45. Bc1 Qc6 46. Re1 Rc8 47. Bg5 Qg6 48. h4 Rc3 0-1

[Event "Late-Titled-Tuesday-Blitz-July-09-2024"]
[Site "Chess.com"]
[Date "2024.07.09"]
[Round "9"]
[White "FollowRivers"]
[Black "bazar-wokzal"]
[Result "0-1"]
[WhiteElo "2500"]
[BlackElo "2650"]
[TimeControl "180+1"]
[EndTime "15:44:36 PDT"]
[Termination "bazar-wokzal won by resignation"]

1. Nf3 c5 2. e3 Nf6 3. b3 d5 4. Bb2 a6 5. Be2 Nc6 6. O-O Bg4 7. d4 e6 8. c4 cxd4 9. Nxd4 Bxe2 10. Qxe2 Nxd4 11.
Bxd4 dxc4 12. Qxc4 Rc8 13. Qa4+ Qd7 14. Qxd7+ Nxd7 15.
Nd2 e5 16. Bb2 Rc2 17. Bc1 Bb4 18. Ne4 f5 19. Ng3 g6 20. a3 Bc3 21. Rb1 Ke7 22.
a4 Bb4 23. Bb2 Ke6 24. Rfd1 Nf6 25. h3 Rhc8 26. Nf1 Ne4 27. f3 Nf2 28. Rdc1 Nd3 29. Rxc2 Rxc2 30. Ba1 Bc5 31. Rd1 e4 32. fxe4 fxe4 33.
Bd4 Bxd4 34. exd4 Rc1 35. Rxc1 Nxc1 36. Nd2 Kd5 37. Kf2 Kxd4 38. Nc4 Nxb3 39. Nd6 Nc5 40.
a5 Kd5 41. Ne8 Nb3 42. Nf6+ Kd4 43. Nxh7 Nxa5 44. Nf8 Nb3 45. Nxg6 a5 46. h4 e3+ 47. Ke1 a4 48. h5 a3 49. h6 a2 50. h7 a1=Q+ 51. Ke2 Qb2+ 52. Kf3 Qf2+ 53. Kg4 Qxg2+ 54. Kf5 Qh3+ 0-1

[Event "Late-Titled-Tuesday-Blitz-July-09-2024"]
[Site "Chess.com"]
[Date "2024.07.09"]
[Round "9"]
[White "AlejandroArias"]
[Black "Jahonas"]
[Result "0-1"]
[WhiteElo "2332"]
[BlackElo "2441"]
[TimeControl "180+1"]
[EndTime "15:44:36 PDT"]
[Termination "Jahonas won on time"]

1. e4 c6 2. d4 d5 3. exd5 cxd5 4. Bd3 Nf6 5. h3 Nc6 6. c3 g6 7. Nf3 Bg7 8. O-O O-O 9. Re1 Bf5 10. Bf1 h5 11. Bf4 Nd7 12. Nh4 e6 13. Nxf5 exf5 14.
Nd2 Nf6 15. f3 Qb6 16. Qb3 Rfe8 17. Bd3 Na5 18. Qc2 Qc6 19. a4 a6 20. Bg3 b5 21.
Rxe8+ Nxe8 22. axb5 axb5 23. Kh2 Nc4 24. Rxa8 Qxa8 25.
b3 Ncd6 26. Be5 Bh6 27. Nf1 Qa1 28. Ng3 f6 29. Bxd6 Nxd6 30. Qe2 Kf7 31. Bxb5 h4 32.
Nf1 Bf4+ 33. Kg1 Qxc3 34. Bd7 Qxd4+ 35. Kh1 Be5 36. Bc6 g5 37. f4 Qxf4 38. Qh5+ Ke6 39. Qd1 Qd4 40. Qe2 Qe4 41. Qh5 Qe1 42. Qf3 Ne4 43. Kg1 Bd4+ 44. Kh2 Be5+ 45. Kg1 g4 46. hxg4 Bd4+ 47. Kh2 fxg4 48. Qxg4+ f5 49. Qg6+ Bf6 50.
Qe8+ Kd6 51. Qd7+ Ke5 52. Qxd5+ Kf4 53. Qd2+ Nxd2 0-1

[Event "Late-Titled-Tuesday-Blitz-July-09-2024"]
[Site "Chess.com"]
[Date "2024.07.09"]
[Round "9"]
[White "MaxLeto"]
[Black "PawnEatingZombie"]
[Result "1-0"]
[WhiteElo "2465"]
[BlackElo "2267"]
[TimeControl "180+1"]
[EndTime "15:44:37 PDT"]
[Termination "MaxLeto won by resignation"]

1. b3 c5 2. Bb2 Nc6 3. h3 e5 4. g4 d6 5. Bg2 Nge7 6. c4 Ng6 7.
e3 Nh4 8. Be4 Be7 9. Nc3 Be6 10.
Nge2 Qd7 11. d4 exd4 12. exd4 f5 13. gxf5 Bxf5 14. dxc5 dxc5 15. Qxd7+ Bxd7 16. Nd5 Bd6 17. Bxg7 O-O-O 18. Bxh8 Rxh8 19. O-O-O Be5 20. f4 Bd4 21. Nxd4 Nxd4 22. Rde1 Rf8 23. Bxh7 Kd8 24. Rhf1 Ndf5 25. Bxf5 Bxf5 26. Re7 Rg8 27. Rxb7 Rg2 28. Rxa7 Rc2+ 29. Kd1 Ng2 30. Rg1 Be4 31. Ra8+ Kd7 32. Ra7+ Kc8 33.
Rxg2 Rxg2 34. Ra5 Bf3+ 35. Ke1 Re2+ 36. Kf1 Rb2 37. Rxc5+ Kd7 38. Ra5 Kd6 39. h4 Rh2 40. Ne3 Kc6 41. Nf5 Rb2 42. Nd4+ Kb6 43. Nxf3 Kxa5 44.
f5 Rxa2 45. f6 Kb4 46. Ng5 Ra8 47. f7 Rf8 48. Kf2 Kxb3 49. Kf3 Kxc4 50. Kf4 Kd5 51. Kf5 Kd6 52. Kf6 Rh8 53. Kg7 Rb8 54. f8=Q+ Rxf8 55. Kxf8 Ke5 56. Kg7 Kf5 57. h5 Kxg5 58. h6 Kf5 59. h7 Ke5 60. h8=Q Kd4 61. Qh5 Kd3 62. Kf6 Kd2 63. Ke5 1-0

[Event "Late-Titled-Tuesday-Blitz-July-09-2024"]
[Site "Chess.com"]
[Date "2024.07.09"]
[Round "9"]
[White "temus_galaktionov"]
[Black "TigrVShlyape"]
[Result "1/2-1/2"]
[WhiteElo "2843"]
[BlackElo "2969"]
[TimeControl "180+1"]
[EndTime "15:44:38 PDT"]
[Termination "Game drawn by repetition"]

1. d4 Nf6 2. c4 e6 3. Nf3 d5 4. Nc3 c6 5. e3 Nbd7 6. Qc2 Bd6 7. b3 b6 8. Be2 Bb7 9. O-O O-O 10. Bb2 Rc8 11. Rad1 Qe7 12. Rfe1 c5 13. dxc5 Nxc5 14. cxd5 Nxd5 15. Nxd5 Bxd5 16. Rc1 a5 17. Red1 Bb7 18.
Qc3 f6 19. Qe1 e5 20. Nd2 Ne4 21. Nxe4 Bxe4 22. Bc4+ Kh8 23. Ba6 Rcd8 24. Qe2 Bc5 25. Rxd8 Rxd8 26. Rd1 g6 27. Bc4 Kg7 28. Rd2 Bb4 29. Rd1 h5 30. f3 Bc6 31. e4 Bc5+ 32. Kf1 Bd4 33. Bxd4 exd4 34. a4 Qe5 35. g3 h4 36. Qf2 hxg3 37. Qxg3 g5 38. Qxe5 fxe5 39. Kf2 Rh8 40. Kg3 Bd7 41. Rc1 Rc8 42. h4 gxh4+ 43.
Kxh4 Kf6 44. Kg3 Kg5 45. Rh1 Bxa4 46. Rh7 Bc6 47. Re7 Re8 48. Rc7 b5 49. Rxc6 bxc4 50. Rxc4 Rb8 51. Rc5 Kf6 52. Rxa5 Rxb3 53. Rd5 Ke6 54.
Kf2 Rb2+ 55. Ke1 Rh2 56. f4 exf4 57. Rxd4 Ke5 58. Rd3 Kxe4 59. Ra3 f3 60. Ra8 Rb2 61. Re8+ Kf4 62. Kf1 Rb1+ 63. Kf2 Rb2+ 64. Kf1 Rb1+ 65. Kf2 Rb2+ 66. Kf1 1/2-1/2

[Event "Late-Titled-Tuesday-Blitz-July-09-2024"]
[Site "Chess.com"]
[Date "2024.07.09"]
[Round "9"]
[White "GMRafpig"]
[Black "Bauman_Guy"]
[Result "0-1"]
[WhiteElo "2776"]
[BlackElo "2919"]
[TimeControl "180+1"]
[EndTime "15:44:40 PDT"]
[Termination "Bauman_Guy won by resignation"]

1. c4 Nf6 2. Nc3 e5 3. Nf3 Nc6 4. e4 g6 5. d4 exd4 6. Nxd4 Bg7 7. Be3 O-O 8. f3 d6 9. Qd2 Re8 10. O-O-O a6 11. h4 h5 12. Kb1 Bd7 13. Nxc6 bxc6 14. c5 d5 15. exd5 cxd5 16. Bd4 Rb8 17. Bd3 a5 18. Rde1 Rb4 19. Rxe8+ Bxe8 20. Ne2 Bb5 21.
Bxb5 Rxb5 22. Qc3 Rb4 23. Rd1 c6 24. Nf4 Ne8 25. Bxg7 Nxg7 26. Nd3 Rc4 27. Qe1 Nf5 28. b3 Rd4 29. Ne5 Rxd1+ 30. Qxd1 Qf6 31. Qe1 Qe6 32. f4 f6 33. Nf3 Qxe1+ 34. Nxe1 Nxh4 35. a4 Kf7 36. b4 Ke7 37. bxa5 Kd7 38. a6 Kc8 39. Kc2 Kb8 40. Kc3 Ka7 41. Kb4 Kxa6 42. a5 Nf5 43. Ka4 Ne3 44. Nd3 Nxg2 45. Nb4+ Kb7 46. a6+ Kc7 47.
Ka5 Nxf4 48. a7 Kb7 49. Nxc6 Ne6 50. a8=Q+ Kxa8 51. Kb6 h4 52. Ne7 h3 53. c6 h2 54.
Nxd5 h1=Q 55. c7 Nxc7 0-1

[Event "Late-Titled-Tuesday-Blitz-July-09-2024"]
[Site "Chess.com"]
[Date "2024.07.09"]
[Round "9"]
[White "maurovargas01"]
[Black "stregachess"]
[Result "0-1"]
[WhiteElo "1929"]
[BlackElo "2089"]
[TimeControl "180+1"]
[EndTime "15:44:40 PDT"]
[Termination "stregachess won on time"]

1. e4 c5 2. Nc3 a6 3. f4 b5 4. Nf3 Bb7 5. Nd5 e6 6. Nc3 b4 7. Nb1 Bxe4 8. d3 Bb7 9. Nbd2 Nf6 10. Nc4 Be7 11. g3 Nc6 12. Bg2 O-O 13. O-O Qc7 14.
f5 d5 15. Bf4 Qd8 16. Nce5 Nxe5 17. Nxe5 Nd7 18. fxe6 fxe6 19. Nf3 Bf6 20. Rb1 Re8 21. h4 Nf8 22. Ne5 Bxe5 23. Bxe5 Ng6 24. Bf4 Nxf4 25. Rxf4 Rf8 26. Qd2 Qe7 27. Rbf1 Rxf4 28. Rxf4 e5 29.
Rf1 Re8 30. Re1 a5 31. a3 h6 32. axb4 axb4 33. c3 bxc3 34. bxc3 e4 35. dxe4 dxe4 36.
Qa2+ Kh8 37. Qc4 Qe5 38. Re3 Bc6 39. Qe2 Ba8 40. Kh2 Qd5 41. c4 Qe5 42. Qe1 Qd4 43. Qe2 Qe5 44. Qe1 g5 45. hxg5 hxg5 46. Kg1 Re7 47.
Qe2 Bb7 48. Qh5+ Kg7 49. Qe2 Qa1+ 0-1

[Event "Late-Titled-Tuesday-Blitz-July-09-2024"]
[Site "Chess.com"]
[Date "2024.07.09"]
[Round "9"]
[White "Hikaru"]
[Black "GHANDEEVAM2003"]
[Result "1-0"]
[WhiteElo "3225"]
[BlackElo "3173"]
[TimeControl "180+1"]
[EndTime "15:44:41 PDT"]
[Termination "Hikaru won by resignation"]

1. d4 Nf6 2. c4 e6 3. Nc3 d5 4.
cxd5 exd5 5. Bg5 c6 6. e3 h6 7. Bh4 Be7 8. h3 Bf5 9. Bd3 Bxd3 10. Qxd3 Nbd7 11. Nf3 O-O 12. O-O Ne4 13. Nxe4 Bxh4 14. Nc3 Be7 15. a3 a5 16. Rab1 a4 17. Ne2 Bd6 18. Qc2 Re8 19. Nc1 Qa5 20. Nd3 Rac8 21. Rfc1 b5 22. Nh4 Nb6 23. Nf5 Bf8 24. Ne5 Nc4 25. Nd7 Qc7 26. Nxf8 Kxf8 27. Qd1 Re6 28. Nh4 Qe7 29. Nf3 Kg8 30. Nd2 Ra8 31. Rc3 Rg6 32. Rc2 Qg5 33. Qf3 Rf6 34. Qe2 Re8 35. Rbc1 Qh4 36. Nf3 Qe4 37. Nd2 Qh4 38. Nf3 Qh5 39. Ne1 Qf5 40. Nd3 Rg6 41. Nf4 Rf6 42. Qd3 Re4 43.
Qd1 Rxe3 44. Nh5 Rg6 45. Rxc4 Qxh3 46. Nf4 Reg3 47. Nxh3 Rxg2+ 48. Kf1 dxc4 49. Qf3 Rh2 50. Re1 Rf6 51. Re8+ Kh7 52. Qe4+ g6 53. Qe5 1-0

[Event "Late-Titled-Tuesday-Blitz-July-09-2024"]
[Site "Chess.com"]
[Date "2024.07.09"]
[Round "9"]
[White "MKlose11"]
[Black "bubeliang"]
[Result "1/2-1/2"]
[WhiteElo "2669"]
[BlackElo "2788"]
[TimeControl "180+1"]
[EndTime "15:44:46 PDT"]
[Termination "Game drawn - insufficient material"]

1. e4 c6 2. Nc3 d5 3. g3 dxe4 4. Nxe4 Nf6 5. Bg2 g6 6. d4 Bg7 7.
Ne2 O-O 8. O-O Nxe4 9. Bxe4 Nd7 10. c3 Nf6 11. Bg2 Re8 12. Re1 Be6 13. Nf4 Bd5 14.
Nxd5 cxd5 15. Bf4 e6 16. Be5 Nd7 17. Bxg7 Kxg7 18. Bf1 a6 19. a3 b5 20. Bd3 Nb6 21.
f4 Nc4 22. Qe2 h5 23. Qf2 Qf6 24. Re2 Rab8 25. Kg2 a5 26. h3 Rh8 27. Qf3 Nd6 28. g4 hxg4 29. hxg4 Rh4 30. Rh1 Rbh8 31. Ree1 g5 32.
Rxh4 Rxh4 33. Rf1 Qh6 34. Qg3 gxf4 35. Qxf4 Qxf4 36. Rxf4 f6 37. Kg3 Rh1 38. Rf2 Rd1 39. Bc2 Re1 40. Bd3 Re3+ 41. Rf3 Rxf3+ 42. Kxf3 Nc4 43.
Kf4 e5+ 44. dxe5 fxe5+ 45. Kf5 e4 46. Be2 Nxb2 47. Bxb5 Nd1 48. c4 dxc4 49. Kxe4 Nc3+ 50. Kd4 Nxb5+ 51. Kxc4 Nxa3+ 52. Kb3 Nc4 53. Kxc4 Kg6 54. Kb5 Kg5 55. Ka4 Kxg4 56. Kxa5 1/2-1/2

[Event "Late-Titled-Tuesday-Blitz-July-09-2024"]
[Site "Chess.com"]
[Date "2024.07.09"]
[Round "9"]
[White "GAO"]
[Black "chessuriel"]
[Result "1/2-1/2"]
[WhiteElo "2435"]
[BlackElo "2355"]
[TimeControl "180+1"]
[EndTime "15:44:46 PDT"]
[Termination "Game drawn by stalemate"]

1. e4 c5 2. Nf3 d6 3. d4 cxd4 4. Qxd4 Nf6 5. h3 Nc6 6. Qe3 Bd7 7. Be2 g6 8. O-O Bg7 9. Rd1 Qa5 10. c4 O-O 11.
Nc3 Nb4 12. Qd2 Bc6 13. a3 Na6 14. Qc2 Qc7 15. Bg5 Nc5 16. Bxf6 Bxf6 17. Nd2 Ne6 18. Bf1 b6 19. Rac1 Qb7 20. f3 Nf4 21. Nb3 Rac8 22. Nd4 Bd7 23. Nce2 Ne6 24. Nxe6 Bxe6 25. b3 b5 26. Nd4 Qb6 27. Qf2 Bxd4 28. Qxd4 Qxd4+ 29. Rxd4 Rc7 30. Rcd1 bxc4 31. Bxc4 Bxc4 32. Rxc4 Rxc4 33. bxc4 Rc8 34. Rc1 Rc5 35. Kf2 Kg7 36. Ke3 Kf6 37. Kd4 Ra5 38. Rc3 Kg5 39. g3 h5 40. c5 dxc5+ 41. Rxc5+ Rxc5 42. h4+ Kf6 43. Kxc5 Ke5 44. Kb5 f5 45. exf5 gxf5 46. Ka6 f4 47. gxf4+ Kxf4 48. Kxa7 Kxf3 49. Kb6 e5 50. a4 e4 51. a5 e3 52. a6 e2 53. a7 e1=Q 54. a8=Q+ Qe4 55. Qf8+ Kg3 56. Kc5 Qxh4 57. Kd5 Qg5+ 58. Ke4 Qg4+ 59.
Ke3 Qe6+ 60. Kd2 h4 61. Qg7+ Qg4 62. Qxg4+ Kxg4 63. Ke2 Kg3 64. Kf1 Kh2 65. Kf2 h3 66. Kf1 Kh1 67. Kf2 Kh2 68. Kf1 Kg3 69. Kg1 h2+ 70. Kh1 Kh3 1/2-1/2

[Event "Late-Titled-Tuesday-Blitz-July-09-2024"]
[Site "Chess.com"]
[Date "2024.07.09"]
[Round "9"]
[White "scandalgod"]
[Black "MetiForce"]
[Result "1/2-1/2"]
[WhiteElo "2683"]
[BlackElo "2910"]
[TimeControl "180+1"]
[EndTime "15:44:49 PDT"]
[Termination "Game drawn - insufficient material"]

1. d4 Nf6 2. c4 g6 3. Nc3 d5 4.
Bg5 Ne4 5. Bh4 g5 6. Bg3 h5 7. Qd3 Nxc3 8. bxc3 h4 9. Be5 Rh6 10. h3 Nc6 11. Bh2 dxc4 12. Qxc4 Be6 13. Qb5 Qd7 14.
Nf3 g4 15. hxg4 Bxg4 16. e3 Bxf3 17. gxf3 Nd8 18. Bf4 Rh8 19. Qe5 f6 20. Qxc7 Qxc7 21. Bxc7 Rc8 22. Bb5+ Kf7 23. Ba5 b6 24. Ba6 Rc7 25.
Bb4 Nc6 26. Ba3 Nb8 27. Bb5 Rxc3 28. Bb4 Rc7 29. Kd2 e6 30. Bxf8 Kxf8 31. Rac1 Rxc1 32.
Rxc1 h3 33. Rh1 h2 34. Ke2 a6 35. Bd3 b5 36. Kf1 Nc6 37. Kg2 Nb4 38. Bb1 Nd5 39.
a3 a5 40. Rxh2 Rxh2+ 41. Kxh2 a4 42. Kg2 b4 43. axb4 Nxb4 44. f4 a3 45. Kf3 a2 46.
Bxa2 Nxa2 47. f5 exf5 48. Kf4 Nc3 49. Kxf5 Kf7 50. e4 Ne2 51. e5 Nxd4+ 52. Ke4 Nc6 53. exf6 Kxf6 54. f4 Ne7 55. f5 Nxf5 1/2-1/2

[Event "Late-Titled-Tuesday-Blitz-July-09-2024"]
[Site "Chess.com"]
[Date "2024.07.09"]
[Round "9"]
[White "JunjiCol"]
[Black "mind1mover"]
[Result "0-1"]
[WhiteElo "2469"]
[BlackElo "2820"]
[TimeControl "180+1"]
[EndTime "15:44:49 PDT"]
[Termination "mind1mover won on time"]

1. e4 e5 2. Bc4 Nf6 3. d4 Nc6 4. Nf3 exd4 5. e5 d5 6. Bb5 Nd7 7. c3 Nb6 8. cxd4 Be7 9. Nc3 O-O 10. Bd3 Bg4 11. Be3 f6 12. Qc2 f5 13. Ne2 Nb4 14.
Qd2 g5 15. a3 Nxd3+ 16. Qxd3 f4 17. Bd2 Qd7 18. h4 Bf5 19. Qb3 g4 20. Nfg1 f3 21.
gxf3 Nc4 22. Bh6 Rf7 23. Ng3 Qe6 24. Bg5 Bf8 25. N1e2 gxf3 26. Nf4 Qc6 27. Rg1 Kh8 28. Ngh5 Be7 29. Nf6 Bxf6 30. Bxf6+ Rxf6 31. exf6 Re8+ 32. Kd1 Qxf6 33. Qc3 Re4 34. Nxd5 Qxd4+ 35. Kc1 c6 36. Nf6 Qxc3+ 37. bxc3 Bg6 38. Nxe4 Bxe4 39. Ra2 b5 40.
Re1 Bd5 41. Rd2 Kg7 42. Rd4 Nxa3 43. Rg4+ Kf6 44. h5 Nc4 45. h6 Ne5 46. Rg7 Nd3+ 47.
Kd2 Nxe1 48. Kxe1 Be4 49. Kd2 a5 50. Ke3 Bg6 51. Kxf3 a4 52. Ra7 Ke5 53. Ke3 Kd5 54. Kd2 Kc4 0-1

[Event "Late-Titled-Tuesday-Blitz-July-09-2024"]
[Site "Chess.com"]
[Date "2024.07.09"]
[Round "9"]
[White "Redzishchess"]
[Black "anderson2361"]
[Result "1-0"]
[WhiteElo "2458"]
[BlackElo "2272"]
[TimeControl "180+1"]
[EndTime "15:44:49 PDT"]
[Termination "Redzishchess won by resignation"]

1. d4 d5 2. c4 e6 3. Nf3 Nf6 4. g3 Be7 5. Bg2 O-O 6. O-O dxc4 7. Ne5 Nc6 8. Bxc6 bxc6 9. Nxc6 Qe8 10. Nxe7+ Qxe7 11. Qc2 e5 12. dxe5 Qxe5 13. Bf4 Qh5 14. Nc3 h6 15. Rfd1 Ng4 16. h4 g5 17. Rd5 f5 18. Bd2 gxh4 19. Bf4 hxg3 20. Bxg3 Bb7 21. Rad1 Bxd5 22. Nxd5 Rad8 23. Qxc4 Kh7 24. Qxc7+ Qf7 25. Qxf7+ Rxf7 26. Nf6+ Rxf6 27. Rxd8 f4 28. Rd7+ Kg6 29. Bh4 Re6 30. Re7 Ra6 31. Re4 Kf5 32. f3 Ne3 33.
a3 Rg6+ 34. Kf2 h5 35. Be7 Rg2+ 36. Ke1 Rh2 37. Rxf4+ Kxf4 38. Bd6+ Kf5 39. Bxh2 Nc4 40. b3 Nxa3 41. e4+ Kg5 42. Kd2 h4 43. Kd3 h3 44.
f4+ Kg4 45. f5 Kg5 46. Bd6 Nb5 47. Bh2 a6 48. Kc4 Na3+ 49. Kd5 Nc2 50. Ke6 Ne1 51. f6 Nf3 52. f7 Nd4+ 53. Ke7 Nc6+ 54. Ke8 1-0

[Event "Late-Titled-Tuesday-Blitz-July-09-2024"]
[Site "Chess.com"]
[Date "2024.07.09"]
[Round "9"]
[White "ritanovikova"]
[Black "nitpicker"]
[Result "1/2-1/2"]
[WhiteElo "2147"]
[BlackElo "2296"]
[TimeControl "180+1"]
[EndTime "15:44:51 PDT"]
[Termination "Game drawn by repetition"]

1. e4 c5 2. Nc3 a6 3. d3 b5 4. Be3 Qc7 5. g3 e6 6. Bg2 Bb7 7. Nge2 Nf6 8. O-O b4 9. Nb1 d5 10. exd5 Bxd5 11. f3 Be7 12. Nd2 O-O 13. Ne4 Nbd7 14. Nf4 Bb7 15. Qd2 Rfd8 16. Qf2 Rac8 17.
Rab1 Nd5 18. Nxd5 exd5 19. Ng5 Bf6 20. Bf4 Qa5 21. c4 Qxa2 22. cxd5 Qxd5 23. Ne4 Bd4 24. Be3 Ne5 25. h3 Bxe3 26. Qxe3 Qxd3 27. Qf4 Ng6 28. Qg5 Bxe4 29. fxe4 Qd4+ 30. Kh2 Qe5 31. Rf5 Qe7 32. Qg4 Ne5 33. Qe2 f6 34.
Qxa6 Qc7 35. Qe6+ Kh8 36. Rbf1 Qd6 37. Qb3 Qd3 38. Qa4 Qe2 39. R1f2 Qe3 40. Qa6 Rf8 41.
Qe6 Rce8 42. Qd5 h6 43. Qd6 Rd8 44. Qe7 Qd4 45. Bf3 Qd6 46. Qb7 Rb8 47. Qd5 Qxd5 48.
exd5 c4 49. Bd1 Rfd8 50. Rd2 Rbc8 51. Rf4 c3 52. bxc3 bxc3 53. Rc2 Rc5 54. Bf3 Nxf3+ 55.
Rxf3 Rdxd5 56. Rfxc3 Rxc3 57. Rxc3 Rd2+ 58. Kg1 Kh7 59. h4 h5 60. Rc5 Kg6 61. Ra5 Rb2 62. Rc5 Rd2 63. Rb5 Ra2 64. Rc5 Rd2 1/2-1/2

[Event "Late-Titled-Tuesday-Blitz-July-09-2024"]
[Site "Chess.com"]
[Date "2024.07.09"]
[Round "9"]
[White "brm72"]
[Black "Narek_Ghimoyan"]
[Result "1/2-1/2"]
[WhiteElo "2650"]
[BlackElo "2519"]
[TimeControl "180+1"]
[EndTime "15:44:55 PDT"]
[Termination "Game drawn - insufficient material"]

1. e4 c5 2. Nf3 Nc6 3. Bb5 e6 4. O-O Nge7 5. Re1 a6 6. Bf1 d5 7.
exd5 Nxd5 8. d4 cxd4 9. Nxd4 Bd7 10. c4 Nf6 11. Nc3 Nxd4 12. Qxd4 Bc6 13. Be3 Qxd4 14.
Bxd4 O-O-O 15. Rad1 Be7 16. Bb6 Rxd1 17. Rxd1 Bd8 18. Bc5 Bc7 19. b4 b6 20. Bd4 h5 21.
h3 Rd8 22. a3 e5 23. Be3 Rxd1 24. Nxd1 Ne4 25. f3 Ng3 26. Bd3 f5 27. Nc3 e4 28.
fxe4 fxe4 29. Bc2 Be5 30. Nd5 Kb7 31. Nxb6 Bd4 32. Bxd4 Ne2+ 33. Kf2 Nxd4 34. Bxe4 Kxb6 35. Bd3 h4 36. g3 g5 37. gxh4 gxh4 38. Ke3 Ne6 39.
Bf5 Ng7 40. Bg4 Be8 41. Kf4 Bf7 42. Be2 Ne6+ 43. Ke5 Nc7 44. c5+ Kb7 45. Bf3+ Kb8 46. Kf6 Be6 47. Bg2 Bd5 48. Bxd5 Nxd5+ 49. Kg5 Nc3 50.
Kxh4 Nb5 51. Kg5 Nxa3 52. h4 Nc4 53. h5 Ne5 54. h6 Nf7+ 55. Kg6 Nxh6 56. Kxh6 Kc7 57.
Kg5 Kc6 58. Kf5 a5 59. bxa5 Kxc5 60. Ke5 Kb5 61. Kd5 Ka6 62. Kc5 Kxa5 1/2-1/2

[Event "Late-Titled-Tuesday-Blitz-July-09-2024"]
[Site "Chess.com"]
[Date "2024.07.09"]
[Round "9"]
[White "K_A_S_T_O_R"]
[Black "Javokhir_Sindarov05"]
[Result "0-1"]
[WhiteElo "2840"]
[BlackElo "3066"]
[TimeControl "180+1"]
[EndTime "15:44:57 PDT"]
[Termination "Javokhir_Sindarov05 won on time"]

1. e4 c5 2. Nf3 e6 3. d4 cxd4 4.
Nxd4 Nf6 5. Nc3 Nc6 6. Ndb5 d6 7. Bf4 e5 8. Bg5 a6 9. Na3 b5 10. Nd5 Be7 11. Bxf6 Bxf6 12. c3 Bg5 13. Nc2 Rb8 14. Be2 O-O 15. O-O Ne7 16. Ncb4 Nxd5 17. Nxd5 Kh8 18. Qd3 f5 19. Bf3 f4 20. Rfd1 a5 21.
Qe2 Bd7 22. b3 Qc8 23. Rac1 Qc5 24. Rc2 Qa7 25. Bg4 Bc6 26. Qf3 g6 27. Be6 Rbe8 28.
Bg4 Bd8 29. Qd3 Rf7 30. b4 Kg7 31. a3 h5 32. Bf3 Rd7 33. Rcc1 Bb6 34. Rd2 Rc8 35.
h3 Kh6 36. Rdc2 Rdd8 37. Qd1 Qb7 38. Rd2 Ba7 39. bxa5 Bc5 40. Ra1 Qa7 41. Nb4 Be8 42. a6 Bf7 43. a4 bxa4 44. Qxa4 g5 45. Qd1 Bb6 46. Nd5 Bc5 47. Nf6 Qe7 48. Nd5 Qa7 49.
Nb4 Qe7 50. a7 Bxa7 51. Rxa7 Qxa7 52. Rxd6+ Rxd6 53. Qxd6+ Bg6 54. Qxe5 Qc7 55. Qe6 Qxc3 56. Nd5 Qe1+ 57. Kh2 Rc1 0-1

[Event "Late-Titled-Tuesday-Blitz-July-09-2024"]
[Site "Chess.com"]
[Date "2024.07.09"]
[Round "9"]
[White "TokChess"]
[Black "AlphaPerseii"]
[Result "1-0"]
[WhiteElo "2574"]
[BlackElo "2386"]
[TimeControl "180+1"]
[EndTime "15:44:57 PDT"]
[Termination "TokChess won by resignation"]

1. c4 e5 2. b3 Bc5 3. Bb2 Qe7 4. e3 d6 5. Nf3 f5 6. Be2 Nf6 7. O-O Bb6 8. Nc3 Be6 9. Na4 Nbd7 10. d4 e4 11. Ng5 O-O 12. d5 Bf7 13. Nxb6 axb6 14.
Qd4 h6 15. Nxf7 Rxf7 16. b4 Qe5 17. Qd2 Qe7 18. a3 Ne5 19. Rae1 Re8 20. h3 Nfd7 21. Qd4 Qg5 22. Kh1 Qh4 23. f4 Ng4 24. Kg1 Ngf6 25. Bc3 Nh5 26. Rd1 Qe7 27. Kh2 Qh4 28. Be1 Qe7 29. Rg1 Qf6 30. Bc3 Qxd4 31. Bxd4 Nhf6 32. g4 fxg4 33. hxg4 g5 34. Rdf1 Kg7 35. Bd1 Ra8 36.
Bb2 Kg6 37. Bc2 Re8 38. fxg5 hxg5 39. Kg3 Rh8 40. Rh1 Rxh1 41. Rxh1 Rh7 42. Rf1 Rf7 43. Bd4 Re7 44. a4 Ne5 45. Bxe5 Rxe5 46. Ra1 Nd7 47. a5 bxa5 48. Rxa5 Nb6 49. Bb3 Re7 50. Ra7 c5 51. dxc6 Nc8 52. Rxb7 Kf6 53. b5 Ke5 54.
Rxe7+ Nxe7 55. b6 Nxc6 56. Ba4 Nb8 57. Bb5 d5 58. c5 d4 59. exd4+ Kxd4 60. c6 1-0